 Dungeon Crawl Stone Soup version 0.23.2-40-g277498a001 (webtiles) character file.

Game seed: 918764539620808625

46 Marnok the Covered (level 3, 0/33 HPs)
             Began as a Minotaur Fighter on Oct 18, 2019.
             Slain by an adder (3 damage)
             ... on level 2 of the Dungeon.
             The game lasted 00:02:57 (1354 turns).

Marnok the Covered (Minotaur Fighter)               Turns: 1354, Time: 00:02:58

Health: 0/33       AC:  6    Str: 21    XL:     3   Next: 46%
Magic:  2/2        EV:  8    Int:  5    God:
Gold:   75         SH:  9    Dex:  9    Spells: 2/2 levels left

rFire    . . .     SeeInvis .   o - +1 whip (drain)
rCold    . . .     Gourm    .   c - +0 shield
rNeg     . . .     Faith    .   g - +1 leather armour {rPois}
rPois    +         Spirit   .   (helmet restricted)
rElec    .         Reflect  .   (no cloak)
rCorr    .         Harm     .   (no gloves)
MR       .....                  l - +1 pair of boots
Stlth    +.........             (no amulet)
HPRegen  0.11/turn              (no ring)
MPRegen  0.08/turn              (no ring)

@: no status effects
A: retaliatory headbutt, horns 2
a: no special abilities


You were on level 2 of the Dungeon.
You were not hungry.

You visited 1 branch of the dungeon, and saw 3 of its levels.

You collected 75 gold pieces.

Inventory:

Hand Weapons
 a - a +0 long sword
 o - a +1 whip of draining (weapon)
Armour
 b - a +0 scale mail
 c - a +0 shield (worn)
 g - a +1 leather armour of poison resistance (worn)
 l - a +1 pair of boots (worn)
Jewellery
 p - an uncursed amulet of the acrobat {unknown}
Scrolls
 e - 7 scrolls of identify {unknown}
 h - a scroll of remove curse {unknown}
 i - 2 scrolls of teleportation {unknown}
 j - a scroll of magic mapping {unknown}
 n - a scroll of enchant armour {unknown}
Potions
 d - a potion of might
 k - a potion of heal wounds {unknown}
 m - 2 potions of lignification {unknown}
Comestibles
 f - 2 rations


   Skills:
 + Level 4.2 Fighting
 + Level 3.0 Long Blades
 + Level 4.3 Armour
 + Level 0.1 Dodging
 + Level 4.1 Shields


You had 2 spell levels left.
You didn't know any spells.
Your spell library was empty.

Dungeon Overview and Level Annotations

Branches:
Dungeon (3/15)

Altars:
Yredelemnul


Innate Abilities, Weirdness & Mutations

You reflexively headbutt those who attack you in melee.
You have a pair of horns on your head.


Message History

You climb upwards.
There is a stone staircase leading down here.
Your shield prevents you from hitting the adder.
You block the orc's attack. The adder bites you but does no damage.
The goblin hits you but does no damage.
You barely miss the adder.
You headbutt the adder, but do no damage.
The adder completely misses you. The orc hits you but does no damage.
You block the goblin's attack.
You closely miss the adder. The adder bites you.
The orc hits you but does no damage. The adder bites you.
The goblin barely misses you.
You barely miss the adder. The adder bites you. You block the orc's attack.
You block the goblin's attack. The adder bites you but does no damage.
You completely miss the adder. The orc hits you with a +0 falchion.
* * * LOW HITPOINT WARNING * * *
The goblin hits you with a +0 dagger.
* * * LOW HITPOINT WARNING * * *
The adder bites you.
You die...

...#...).........####.#
##..................#.##
.......................##
####.............##.....#
.....)............#.....##
............##...........##
##............##..........#
...#.......##.##S###....#.#
##########.....#@######.###
...............o.g.......#
.......######....#..######
######.......###..#.#####
######.............#
###############


You could see an adder, an orc and a goblin.

Vanquished Creatures
  2 adders (D:2)
  A dart slug (D:2)
  A leopard gecko (D:1)
  An orc (D:3)
  4 bats
  2 goblins
  3 hobgoblins (D:1)
  6 kobolds
  3 frilled lizards (D:1)
  4 rats
27 creatures vanquished.

Notes
Turn   | Place    | Note
-------+----------+-------------------------------------------
     0 | D:1      | Marnok the Minotaur Fighter began the quest for the Orb.
     0 | D:1      | Reached XP level 1. HP: 19/19 MP: 0/0
   301 | D:1      | Reached XP level 2. HP: 27/27 MP: 1/1
   765 | D:2      | Found a faded altar of an unknown god.
   819 | D:2      | Reached XP level 3. HP: 33/33 MP: 2/2
  1041 | D:2      | Found a basalt altar of Yredelemnul.
  1354 | D:2      | Slain by an adder

Skill      XL: |  1  2  3 |
---------------+----------+-----
Armour         | 4 |  4.3
Fighting       | 4 |  4.2
Shields        | 4 |  4.1
Long Blades    | 3 |  3.0
Dodging        | |  0.1

Action                   || total
-------------------------++-------
Melee: Long sword        ||    55
       Headbutt          ||    10
       Whip              ||    17
  Eat: Chunk             ||     1
Armor: Scale mail        ||     7
       Leather armour    ||    20
Dodge: Dodged            ||    22
Block: Shield            ||    39
       Rpst.: Long sword ||     6
